Login

Apsos vs Cunts

Created - April 21, 2024 at 12:16

Goals
1 2 3 OT1 T
Apsos 2 2 0 0 4
Cunts 0 2 2 1 5
Shots
1 2 3 OT1 T
Apsos 9 14 13 0 36
Cunts 10 13 10 3 36

GoalsPenalties
1st period
1. Apsos , Evgeny Kuznetsov 6 (Pavel Buchnevich 41, Jack Johnson 13) at 10:06
2. Apsos , Phillip Danault 11 (Kasperi Kapanen 6, Marcus Pettersson 10) at 17:26
Moxie Manslammer (LHA) for Hooking (Minor) at 0:28
Luke Schenn (CUN) for Roughing (Minor) at 5:56
Artemi Panarin (CUN) for Holding (Minor) at 14:18
2nd period
3. Cunts , Blake Wheeler 17 (Dylan DeMelo 11, Jonathan Drouin 9) at 0:55
4. Cunts , Luke Glendening 11 (Blake Wheeler 14, Jonathan Drouin 10) at 2:29
5. Apsos , Mike Hoffman 10 (Phillip Danault 25, Kasperi Kapanen 7) at 16:56
6. Apsos , Joel Eriksson Ek 22 (Nick Bjugstad 17) at 19:02 (PP)
Bo Horvat (CUN) for Hooking (Minor) at 7:33
Jonathan Drouin (CUN) for Delaying the game (Minor) at 18:46
3rd period
7. Cunts , Bo Horvat 31 (Artemi Panarin 35) at 6:38
8. Cunts , Jonathan Drouin 1 (Jake McCabe 19) at 7:06
Luke Glendening (CUN) for Slashing (Minor) at 0:52
Overtime #1
9. Cunts , Brock Boeser 14 (Artemi Panarin 36, Luke Schenn 22) at 4:08
No Penalty
Goalie Stats
Alexandar Georgiev (LHA), 31 saves from 36 shots - (0.861), OTL, 32-15-12, 64:09 minutes
Darcy Kuemper (CUN), 32 saves from 36 shots - (0.889), W, 36-26-7, 64:09 minutes
3 StarsOfficial
1 - Jonathan Drouin (CUN)
2 - Blake Wheeler (CUN)
3 - Phillip Danault (LHA)
Referees : Unknown
Linesman : Unknown
Game Note
No Game Note
Finance
Level 1 -- Attendance: 4274 (71.23%) -- Ticket Income $427,400
Level 2 -- Attendance: 3580 (71.60%) -- Ticket Income $214,800
Level 3 -- Attendance: 1447 (72.35%) -- Ticket Income $50,645
Level 4 -- Attendance: 3288 (82.20%) -- Ticket Income $82,200
Luxury Box -- Attendance: 945 (94.50%) -- Ticket Income $189,000
Game was played at the Taint Centre.
Total Attendance: 13534 (75.19%)
Total Ticket Income: $964,045
Other Income: $385,618
Total Income: $1,349,663



Team Name Goals Shots Shots Attemp Shots Blocked PIM HIT PP PK FO%
Apsos 43668132281 / 5 (20%)059%
Cunts 53677910240 / 1 (0%)141%

Apsos
Player Name POS G A P +/- PIM HIT SHT SB MP PP MP PP SHT PK MP PK SHT FO% FOT
Adam LarssonD000-1031421:164:1210:4500% 0
Chris KreiderLW/RW000-2006021:274:2420:450100% 1
Dmitry KulikovD0000002120:033:3421:1400% 0
Evgeny KuznetsovC101100107:230:0000:00067% 6
Gustav ForslingD0001010013:520:2600:0000% 0
Jack JohnsonD0110020119:193:3401:1400% 0
Jakub VranaLW000-1001016:583:4800:0000% 0
Jamie OleksiakD000-2012420:594:1200:4500% 0
Joel Eriksson EkC101-1015020:173:4820:45066% 35
Kasperi KapanenLW/RW0220003016:130:0000:000100% 1
Marcus PetterssonD0111050213:260:0000:0000% 0
Matt RoyD000-102107:240:0000:0000% 0
Mike HoffmanLW/RW1010014018:090:5201:1400% 2
Moxie ManslammerC/LW000-1252020:584:2400:00057% 30
Nick BjugstadC/RW0110052123:022:5611:14025% 4
Pavel BuchnevichLW/RW011-1003025:073:4310:0000% 2
Phillip DanaultC1120023016:440:4100:00065% 20
TJ BrodieD000-100007:500:2600:0000% 0
Cunts
Player Name POS G A P +/- PIM HIT SHT SB MP PP MP PP SHT PK MP PK SHT FO% FOT
Andre BurakovskyLW/RW0001012025:290:5003:27014% 7
Andrew PeekeD000-1001221:590:5004:2900% 0
Artemi PanarinLW0222235026:130:5003:59129% 21
Blake WheelerRW1120014015:200:0000:00067% 3
Bo HorvatC10112210026:050:5013:41057% 23
Brock BoeserRW1011004020:531:0902:4110% 0
Dylan DeMeloD0111010113:120:0000:0300% 0
Gabriel VilardiC/RW0000014017:561:0910:26023% 22
Jake McCabeD0111000114:280:0001:1900% 0
Jonathan DrouinLW/RW1230212016:220:0001:47067% 3
Justin HollD0000043019:361:0923:4300% 0
Keegan KolesarC/LW/RW0000030016:461:0900:0000% 1
Luke GlendeningC/RW1010211114:580:0000:23057% 21
Luke SchennD0110220220:490:5003:0700% 0
Oliver Ekman-LarssonD000000000:000:0000:0000% 0
Sean DurziD000100007:360:0000:0000% 0
Travis SanheimD000101007:360:0000:0000% 0
Tyler MyersD0000030218:521:0903:4300% 0

Apsos

5 vs 5 Forward
Line #Left WingCenterRight WingPHYDFOFWanted %Time %Time Play
1Pavel BuchnevichMoxie ManslammerChris Kreider1223030%14:44
2Jakub VranaJoel Eriksson EkNick Bjugstad1222825%12:26
3Mike HoffmanPhillip DanaultKasperi Kapanen1222632%16:03
4Pavel BuchnevichEvgeny KuznetsovNick Bjugstad1221613%6:36
5 vs 5 Defense
Line #DefenseDefensePHYDFOFWanted %Time %Time Play
1Jamie OleksiakAdam Larsson1223029%14:28
2Dmitry KulikovJack Johnson1222829%14:31
3Marcus PetterssonGustav Forsling1222627%13:26
4TJ BrodieMatt Roy1221615%7:24
Power Play Forward
Line #Left WingCenterRight WingPHYDFOFWanted %Time %Time Play
1Pavel BuchnevichMoxie ManslammerChris Kreider1225554%4:24
2Jakub VranaJoel Eriksson EkNick Bjugstad1224546%3:48
Power Play Defense
Line #DefenseDefensePHYDFOFWanted %Time %Time Play
1Jamie OleksiakAdam Larsson1225551%4:12
2Dmitry KulikovJack Johnson1224549%4:00
Penalty Kill 4 Players Forward
Line #CenterWingPHYDFOFWanted %Time %Time Play
1Moxie ManslammerNick Bjugstad1225562%1:14
2Joel Eriksson EkChris Kreider1224538%0:45
Penalty Kill 4 Players Defense
Line #DefenseDefensePHYDFOFWanted %Time %Time Play
1Jamie OleksiakAdam Larsson1225538%0:45
2Dmitry KulikovJack Johnson1224562%1:14
Penalty Kill 3 Players
Line #WingPHYDFOFWanted %Time %Time PlayDefenseDefensePHYDFOFWanted %Time %Time Play
1Joel Eriksson Ek122550%0:00 Jamie OleksiakAdam Larsson122550%0:00
2Moxie Manslammer122450%0:00 Dmitry KulikovJack Johnson122450%0:00
4 vs 4 Forward
Line #CenterWingPHYDFOFWanted %Time %Time Play
1Moxie ManslammerPavel Buchnevich122550%0:00
2Joel Eriksson EkChris Kreider122450%0:00
4 vs 4 Defense
Line #DefensePHYDFOFWanted %Time %Time Play
1Jamie OleksiakAdam Larsson122550%0:00
2Dmitry KulikovJack Johnson122450%0:00
Last Minutes Offensive
Left WingCenterRight WingDefenseDefense
Chris KreiderMoxie ManslammerPavel BuchnevichJamie OleksiakAdam Larsson
Last Minutes Defensive
Left WingCenterRight WingDefenseDefense
Nick BjugstadMoxie ManslammerJoel Eriksson EkJamie OleksiakAdam Larsson
Time
Total ForwardTotal DefenseLast Minutes OffensiveLast Minutes Defensive
60:00 60:00 0:000:00
Extra Forwards
Normal PowerPlayPenalty Kill
Joel Eriksson Ek, Phillip Danault, Mike HoffmanJoel Eriksson Ek, Phillip DanaultMike Hoffman
Extra Defensemen
Normal PowerPlayPenalty Kill
Adam Larsson, Gustav Forsling, Jamie OleksiakTJ Brodie, Gustav ForslingAdam Larsson
Penalty Shots
Pavel Buchnevich, Moxie Manslammer, Evgeny Kuznetsov, Joel Eriksson Ek, Nick Bjugstad
Goalie
Alexandar Georgiev, Connor Ingram
Custom OT Lines Forwards
Moxie Manslammer, Pavel Buchnevich, Joel Eriksson Ek, Chris Kreider, Jakub Vrana, Evgeny Kuznetsov, Nick Bjugstad, Mike Hoffman, Phillip Danault, Kasperi Kapanen
Custom OT Lines Defensemen
Adam Larsson, Jamie Oleksiak, Dmitry Kulikov, Gustav Forsling, Jack Johnson
Scratches
Ryan Donato (Healthy), Brett Howden (Healthy), Kaapo Kahkonen (Healthy)

Cunts

5 vs 5 Forward
Line #Left WingCenterRight WingPHYDFOFWanted %Time %Time Play
1Artemi PanarinBo HorvatAndre Burakovsky1223026%13:10
2Keegan KolesarGabriel VilardiBrock Boeser1222831%15:37
3Jonathan DrouinLuke GlendeningBlake Wheeler1222629%14:36
4Bo HorvatArtemi PanarinAndre Burakovsky1221613%6:26
5 vs 5 Defense
Line #DefenseDefensePHYDFOFWanted %Time %Time Play
1Luke SchennAndrew Peeke1223030%15:04
2Justin HollTyler Myers1222828%14:00
3Jake McCabeDylan DeMelo1222626%13:09
4Travis SanheimSean Durzi1221615%7:36
Power Play Forward
Line #Left WingCenterRight WingPHYDFOFWanted %Time %Time Play
1Artemi PanarinBo HorvatAndre Burakovsky1225542%0:50
2Keegan KolesarGabriel VilardiBrock Boeser1224558%1:09
Power Play Defense
Line #DefenseDefensePHYDFOFWanted %Time %Time Play
1Luke SchennAndrew Peeke1225542%0:50
2Justin HollTyler Myers1224558%1:09
Penalty Kill 4 Players Forward
Line #CenterWingPHYDFOFWanted %Time %Time Play
1Artemi PanarinBo Horvat1225567%5:31
2Andre BurakovskyBrock Boeser1224533%2:41
Penalty Kill 4 Players Defense
Line #DefenseDefensePHYDFOFWanted %Time %Time Play
1Luke SchennAndrew Peeke1225555%4:29
2Justin HollTyler Myers1224545%3:43
Penalty Kill 3 Players
Line #WingPHYDFOFWanted %Time %Time PlayDefenseDefensePHYDFOFWanted %Time %Time Play
1Artemi Panarin122550%0:00 Luke SchennAndrew Peeke122550%0:00
2Bo Horvat122450%0:00 Justin HollTyler Myers122450%0:00
4 vs 4 Forward
Line #CenterWingPHYDFOFWanted %Time %Time Play
1Artemi PanarinBo Horvat122550%0:00
2Andre BurakovskyBrock Boeser122450%0:00
4 vs 4 Defense
Line #DefensePHYDFOFWanted %Time %Time Play
1Luke SchennAndrew Peeke122550%0:00
2Justin HollTyler Myers122450%0:00
Last Minutes Offensive
Left WingCenterRight WingDefenseDefense
Artemi PanarinBo HorvatAndre BurakovskyLuke SchennAndrew Peeke
Last Minutes Defensive
Left WingCenterRight WingDefenseDefense
Artemi PanarinBo HorvatAndre BurakovskyLuke SchennAndrew Peeke
Time
Total ForwardTotal DefenseLast Minutes OffensiveLast Minutes Defensive
60:00 60:00 0:000:00
Extra Forwards
Normal PowerPlayPenalty Kill
Blake Wheeler, Luke Glendening, Jonathan DrouinBlake Wheeler, Luke GlendeningJonathan Drouin
Extra Defensemen
Normal PowerPlayPenalty Kill
Oliver Ekman-Larsson, Jake McCabe, Dylan DeMeloOliver Ekman-Larsson, Jake McCabeDylan DeMelo
Penalty Shots
Artemi Panarin, Bo Horvat, Andre Burakovsky, Brock Boeser, Gabriel Vilardi
Goalie
Darcy Kuemper, Alex Nedeljkovic
Custom OT Lines Forwards
Artemi Panarin, Bo Horvat, Andre Burakovsky, Brock Boeser, Gabriel Vilardi, Blake Wheeler, Luke Glendening, Keegan Kolesar, Jonathan Drouin,
Custom OT Lines Defensemen
Luke Schenn, Andrew Peeke, Justin Holl, Tyler Myers, Jake McCabe
Scratches
Rod Tapper (Healthy), Alex Newhook (Healthy), Guillaume Brisebois (Healthy)


Play-by-Play

1st period


0:01 of 1st period - Bo Horvat wins face-off versus Moxie Manslammer in neutral zone.
0:04 of 1st period - Shot by Artemi Panarin.
0:04 of 1st period - Shot Blocked by Jamie Oleksiak.
0:21 of 1st period - Shot by Moxie Manslammer.
0:21 of 1st period - Deflect By Pavel Buchnevich.
0:21 of 1st period - Shot Misses the Net.
0:28 of 1st period - Minor Penalty to Moxie Manslammer for Hooking.
0:29 of 1st period - Gabriel Vilardi wins face-off versus Nick Bjugstad in Apsos zone.
0:56 of 1st period - Shot by Justin Holl.
0:56 of 1st period - Stopped by Alexandar Georgiev with a rebound.
0:58 of 1st period - Shot by Justin Holl.
0:58 of 1st period - Stopped by Alexandar Georgiev without a rebound.
0:59 of 1st period - Bo Horvat wins face-off versus Mike Hoffman in Apsos zone.
1:00 of 1st period - Shot by Andre Burakovsky.
1:00 of 1st period - Deflect By Bo Horvat.
1:00 of 1st period - Shot Misses the Net.
1:02 of 1st period - Shot by Bo Horvat.
1:02 of 1st period - Stopped by Alexandar Georgiev without a rebound.
1:03 of 1st period - Bo Horvat wins face-off versus Mike Hoffman in Apsos zone.
1:04 of 1st period - Shot by Andre Burakovsky.
1:04 of 1st period - Deflect By Artemi Panarin.
1:04 of 1st period - Shot Misses the Net.
1:06 of 1st period - Shot by Andrew Peeke.
1:06 of 1st period - Shot Blocked by Dmitry Kulikov.
1:08 of 1st period - Shot by Andre Burakovsky.
1:08 of 1st period - Shot Hit the Post.
1:44 of 1st period - Shot by Artemi Panarin.
1:44 of 1st period - Shot Blocked by Nick Bjugstad.
2:11 of 1st period - Shot by Justin Holl.
2:11 of 1st period - Shot Blocked by Adam Larsson.
2:13 of 1st period - Shot by Gabriel Vilardi.
2:13 of 1st period - Stopped by Alexandar Georgiev without a rebound.
2:14 of 1st period - Joel Eriksson Ek wins face-off versus Gabriel Vilardi in Apsos zone.
2:14 of 1st period - Joel Eriksson Ek is hit by Keegan Kolesar.
2:33 of 1st period - Jake McCabe is hit by Moxie Manslammer and loses puck.
3:01 of 1st period - Shot by Moxie Manslammer.
3:01 of 1st period - Stopped by Darcy Kuemper without a rebound.
3:02 of 1st period - Bo Horvat wins face-off versus Joel Eriksson Ek in Cunts zone.
3:02 of 1st period - Bo Horvat is hit by Nick Bjugstad.
3:43 of 1st period - Shot by Andre Burakovsky.
3:43 of 1st period - Stopped by Alexandar Georgiev without a rebound.
3:44 of 1st period - Phillip Danault wins face-off versus Keegan Kolesar in Apsos zone.
3:44 of 1st period - Phillip Danault is hit by Keegan Kolesar.
4:12 of 1st period - Shot by Keegan Kolesar.
4:12 of 1st period - Shot Misses the Net.
4:14 of 1st period - Shot by Keegan Kolesar.
4:14 of 1st period - Shot Misses the Net.
4:16 of 1st period - Shot by Justin Holl.
4:16 of 1st period - Stopped by Alexandar Georgiev without a rebound.
4:17 of 1st period - Luke Glendening wins face-off versus Moxie Manslammer in Apsos zone.
4:26 of 1st period - Luke Schenn is hit by Moxie Manslammer and loses puck.
4:35 of 1st period - Shot by Moxie Manslammer.
4:35 of 1st period - Shot Misses the Net.
4:45 of 1st period - Shot by Pavel Buchnevich.
4:45 of 1st period - Stopped by Darcy Kuemper without a rebound.
4:46 of 1st period - Joel Eriksson Ek wins face-off versus Bo Horvat in Cunts zone.
5:11 of 1st period - Shot by Artemi Panarin.
5:11 of 1st period - Deflect By Bo Horvat.
5:11 of 1st period - Stopped by Alexandar Georgiev with a rebound.
5:19 of 1st period - Shot by Artemi Panarin.
5:19 of 1st period - Shot Misses the Net.
5:27 of 1st period - Shot by Bo Horvat.
5:27 of 1st period - Deflect By Andre Burakovsky.
5:27 of 1st period - Shot Blocked by Marcus Pettersson.
5:47 of 1st period - Shot by Mike Hoffman.
5:47 of 1st period - Stopped by Darcy Kuemper without a rebound.
5:48 of 1st period - Phillip Danault wins face-off versus Blake Wheeler in Cunts zone.
5:56 of 1st period - Minor Penalty to Luke Schenn for Roughing.
5:57 of 1st period - Moxie Manslammer wins face-off versus Artemi Panarin in Cunts zone.
6:25 of 1st period - Icing by Chris Kreider.
6:26 of 1st period - Artemi Panarin wins face-off versus Moxie Manslammer in Apsos zone.
6:27 of 1st period - Shot by Bo Horvat.
6:27 of 1st period - Deflect By Artemi Panarin.
6:27 of 1st period - Shot Blocked by Jamie Oleksiak.
6:37 of 1st period - Shot by Chris Kreider.
6:37 of 1st period - Shot Misses the Net.
6:43 of 1st period - Shot by Chris Kreider.
6:43 of 1st period - Deflect By Pavel Buchnevich.
6:43 of 1st period - Stopped by Darcy Kuemper without a rebound.
6:44 of 1st period - Joel Eriksson Ek wins face-off versus Andre Burakovsky in Cunts zone.
6:45 of 1st period - Shot by Dmitry Kulikov.
6:45 of 1st period - Shot Blocked by Tyler Myers.
6:54 of 1st period - Icing by Joel Eriksson Ek.
6:55 of 1st period - Joel Eriksson Ek wins face-off versus Andre Burakovsky in Apsos zone.
6:57 of 1st period - Icing by Jakub Vrana.
6:58 of 1st period - Joel Eriksson Ek wins face-off versus Artemi Panarin in Apsos zone.
7:05 of 1st period - Shot by Dmitry Kulikov.
7:05 of 1st period - Stopped by Darcy Kuemper without a rebound.
7:06 of 1st period - Moxie Manslammer wins face-off versus Artemi Panarin in Cunts zone.
7:14 of 1st period - Shot by Jamie Oleksiak.
7:14 of 1st period - Shot Misses the Net.
7:16 of 1st period - Shot by Adam Larsson.
7:16 of 1st period - Shot Misses the Net.
7:18 of 1st period - Shot by Adam Larsson.
7:18 of 1st period - Shot Misses the Net.
7:20 of 1st period - Shot by Moxie Manslammer.
7:20 of 1st period - Shot Misses the Net.
7:22 of 1st period - Shot by Jamie Oleksiak.
7:22 of 1st period - Shot Misses the Net.
7:24 of 1st period - Shot by Adam Larsson.
7:24 of 1st period - Stopped by Darcy Kuemper without a rebound.
7:25 of 1st period - Andre Burakovsky wins face-off versus Joel Eriksson Ek in Cunts zone.
7:39 of 1st period - Icing by Nick Bjugstad.
7:40 of 1st period - Nick Bjugstad wins face-off versus Artemi Panarin in Apsos zone.
8:00 of 1st period - Icing by Jamie Oleksiak.
8:01 of 1st period - Phillip Danault wins face-off versus Gabriel Vilardi in Apsos zone.
8:01 of 1st period - Phillip Danault is hit by Keegan Kolesar.
8:08 of 1st period - Kasperi Kapanen is hit by Luke Schenn and loses puck.
8:24 of 1st period - Shot by Gabriel Vilardi.
8:24 of 1st period - Shot Misses the Net.
8:26 of 1st period - Shot by Keegan Kolesar.
8:26 of 1st period - Shot Misses the Net.
9:40 of 1st period - Icing by Dylan DeMelo.
9:41 of 1st period - Evgeny Kuznetsov wins face-off versus Luke Glendening in Cunts zone.
10:06 of 1st period - Shot by Evgeny Kuznetsov.
10:06 of 1st period - Goal by Evgeny Kuznetsov - Apsos : 1 - Cunts : 0.
10:07 of 1st period - Gabriel Vilardi wins face-off versus Moxie Manslammer in neutral zone.
10:36 of 1st period - Shot by Gabriel Vilardi.
10:36 of 1st period - Shot Misses the Net.
12:32 of 1st period - Shot by Jamie Oleksiak.
12:32 of 1st period - Stopped by Darcy Kuemper without a rebound.
12:33 of 1st period - Luke Glendening wins face-off versus Moxie Manslammer in Cunts zone.
12:39 of 1st period - Icing by Jake McCabe.
12:40 of 1st period - Luke Glendening wins face-off versus Evgeny Kuznetsov in Cunts zone.
12:40 of 1st period - Luke Glendening is hit by Nick Bjugstad.
13:32 of 1st period - Travis Sanheim is hit by Nick Bjugstad and loses puck.
14:10 of 1st period - Sean Durzi is hit by Jack Johnson and loses puck.
14:18 of 1st period - Minor Penalty to Artemi Panarin for Holding.
14:19 of 1st period - Joel Eriksson Ek wins face-off versus Bo Horvat in Cunts zone.
14:19 of 1st period - Jakub Vrana is hit by Luke Schenn.
14:51 of 1st period - Jonathan Drouin is hit by Joel Eriksson Ek.
15:02 of 1st period - Icing by Joel Eriksson Ek.
15:03 of 1st period - Joel Eriksson Ek wins face-off versus Jonathan Drouin in Apsos zone.
15:31 of 1st period - Shot by Brock Boeser.
15:31 of 1st period - Deflect By Andre Burakovsky.
15:31 of 1st period - Shot Misses the Net.
15:33 of 1st period - Shot by Andre Burakovsky.
15:33 of 1st period - Shot Misses the Net.
15:35 of 1st period - Shot by Andrew Peeke.
15:35 of 1st period - Deflect By Brock Boeser.
15:35 of 1st period - Stopped by Alexandar Georgiev with a rebound.
15:39 of 1st period - Shot by Andre Burakovsky.
15:39 of 1st period - Shot Misses the Net.
16:27 of 1st period - Icing by Jake McCabe.
16:28 of 1st period - Moxie Manslammer wins face-off versus Luke Glendening in Cunts zone.
16:28 of 1st period - Moxie Manslammer is hit by Dylan DeMelo.
17:26 of 1st period - Shot by Phillip Danault.
17:26 of 1st period - Goal by Phillip Danault - Apsos : 2 - Cunts : 0.
17:27 of 1st period - Joel Eriksson Ek wins face-off versus Bo Horvat in neutral zone.
17:29 of 1st period - Off-side.
17:30 of 1st period - Bo Horvat wins face-off versus Joel Eriksson Ek in neutral zone.
17:33 of 1st period - Shot by Andre Burakovsky.
17:33 of 1st period - Shot Misses the Net.
17:42 of 1st period - Off-side.
17:43 of 1st period - Phillip Danault wins face-off versus Gabriel Vilardi in neutral zone.
18:06 of 1st period - Brock Boeser is hit by Marcus Pettersson and loses puck.
18:36 of 1st period - Andre Burakovsky is hit by Marcus Pettersson and loses puck.
18:40 of 1st period - Bo Horvat is hit by Marcus Pettersson and loses puck.
18:49 of 1st period - Shot by Andre Burakovsky.
18:49 of 1st period - Deflect By Bo Horvat.
18:49 of 1st period - Stopped by Alexandar Georgiev without a rebound.
18:50 of 1st period - Joel Eriksson Ek wins face-off versus Luke Glendening in Apsos zone.
19:15 of 1st period - Shot by Jonathan Drouin.
19:15 of 1st period - Deflect By Blake Wheeler.
19:15 of 1st period - Stopped by Alexandar Georgiev with a rebound.
Goals for this period are 2 for Apsos vs 0 for Cunts.
Shots for this period are 9 for Apsos vs 10 for Cunts.

2nd period


0:01 of 2nd period - Moxie Manslammer wins face-off versus Artemi Panarin in neutral zone.
0:27 of 2nd period - Shot by Chris Kreider.
0:27 of 2nd period - Stopped by Darcy Kuemper without a rebound.
0:28 of 2nd period - Joel Eriksson Ek wins face-off versus Gabriel Vilardi in Cunts zone.
0:35 of 2nd period - Shot by Jakub Vrana.
0:35 of 2nd period - Shot Misses the Net.
0:43 of 2nd period - Shot by Joel Eriksson Ek.
0:43 of 2nd period - Stopped by Darcy Kuemper without a rebound.
0:44 of 2nd period - Luke Glendening wins face-off versus Phillip Danault in Cunts zone.
0:55 of 2nd period - Shot by Blake Wheeler.
0:55 of 2nd period - Goal by Blake Wheeler - Apsos : 2 - Cunts : 1.
0:56 of 2nd period - Chris Kreider wins face-off versus Artemi Panarin in neutral zone.
1:01 of 2nd period - Shot by Moxie Manslammer.
1:01 of 2nd period - Shot Blocked by Andrew Peeke.
1:09 of 2nd period - Shot by Andre Burakovsky.
1:09 of 2nd period - Deflect By Bo Horvat.
1:09 of 2nd period - Shot Misses the Net.
1:15 of 2nd period - Shot by Bo Horvat.
1:15 of 2nd period - Shot Blocked by Adam Larsson.
1:17 of 2nd period - Shot by Andrew Peeke.
1:17 of 2nd period - Stopped by Alexandar Georgiev with a rebound.
1:19 of 2nd period - Shot by Bo Horvat.
1:19 of 2nd period - Stopped by Alexandar Georgiev without a rebound.
1:20 of 2nd period - Gabriel Vilardi wins face-off versus Joel Eriksson Ek in Apsos zone.
1:53 of 2nd period - Shot by Keegan Kolesar.
1:53 of 2nd period - Shot Misses the Net.
1:55 of 2nd period - Shot by Gabriel Vilardi.
1:55 of 2nd period - Stopped by Alexandar Georgiev without a rebound.
1:56 of 2nd period - Bo Horvat wins face-off versus Moxie Manslammer in Apsos zone.
2:07 of 2nd period - Shot by Andre Burakovsky.
2:07 of 2nd period - Shot Misses the Net.
2:09 of 2nd period - Shot by Bo Horvat.
2:09 of 2nd period - Shot Misses the Net.
2:11 of 2nd period - Shot by Artemi Panarin.
2:11 of 2nd period - Stopped by Alexandar Georgiev without a rebound.
2:12 of 2nd period - Luke Glendening wins face-off versus Phillip Danault in Apsos zone.
2:23 of 2nd period - Shot by Blake Wheeler.
2:23 of 2nd period - Shot Blocked by Jamie Oleksiak.
2:27 of 2nd period - Shot by Blake Wheeler.
2:27 of 2nd period - Shot Misses the Net.
2:29 of 2nd period - Shot by Luke Glendening.
2:29 of 2nd period - Goal by Luke Glendening - Apsos : 2 - Cunts : 2.
2:30 of 2nd period - Moxie Manslammer wins face-off versus Bo Horvat in neutral zone.
2:32 of 2nd period - Chris Kreider is hit by Artemi Panarin and loses puck.
2:53 of 2nd period - Shot by Andre Burakovsky.
2:53 of 2nd period - Deflect By Bo Horvat.
2:53 of 2nd period - Stopped by Alexandar Georgiev without a rebound.
2:54 of 2nd period - Gabriel Vilardi wins face-off versus Joel Eriksson Ek in Apsos zone.
3:19 of 2nd period - Shot by Brock Boeser.
3:19 of 2nd period - Stopped by Alexandar Georgiev without a rebound.
3:20 of 2nd period - Moxie Manslammer wins face-off versus Artemi Panarin in Apsos zone.
3:20 of 2nd period - Moxie Manslammer is hit by Bo Horvat.
3:58 of 2nd period - Shot by Artemi Panarin.
3:58 of 2nd period - Shot Blocked by Jamie Oleksiak.
4:00 of 2nd period - Shot by Bo Horvat.
4:00 of 2nd period - Stopped by Alexandar Georgiev without a rebound.
4:01 of 2nd period - Luke Glendening wins face-off versus Nick Bjugstad in Apsos zone.
4:19 of 2nd period - Off-side.
4:20 of 2nd period - Gabriel Vilardi wins face-off versus Phillip Danault in neutral zone.
4:20 of 2nd period - Gabriel Vilardi is hit by Mike Hoffman.
4:25 of 2nd period - Brock Boeser is hit by Marcus Pettersson and loses puck.
4:33 of 2nd period - Gustav Forsling is hit by Tyler Myers and loses puck.
6:10 of 2nd period - Bo Horvat is hit by Adam Larsson and loses puck.
6:19 of 2nd period - Shot by Joel Eriksson Ek.
6:19 of 2nd period - Stopped by Darcy Kuemper without a rebound.
6:20 of 2nd period - Luke Glendening wins face-off versus Phillip Danault in Cunts zone.
6:58 of 2nd period - Sean Durzi is hit by Matt Roy and loses puck.
7:26 of 2nd period - Artemi Panarin is hit by Matt Roy and loses puck.
7:29 of 2nd period - Shot by Bo Horvat.
7:29 of 2nd period - Stopped by Alexandar Georgiev without a rebound.
7:30 of 2nd period - Joel Eriksson Ek wins face-off versus Andre Burakovsky in Apsos zone.
7:30 of 2nd period - Joel Eriksson Ek is hit by Artemi Panarin.
7:33 of 2nd period - Minor Penalty to Bo Horvat for Hooking.
7:34 of 2nd period - Artemi Panarin wins face-off versus Moxie Manslammer in Cunts zone.
7:40 of 2nd period - Icing by Adam Larsson.
7:41 of 2nd period - Moxie Manslammer wins face-off versus Artemi Panarin in Apsos zone.
7:41 of 2nd period - Moxie Manslammer is hit by Jonathan Drouin.
7:53 of 2nd period - Shot by Chris Kreider.
7:53 of 2nd period - Stopped by Darcy Kuemper without a rebound.
7:54 of 2nd period - Joel Eriksson Ek wins face-off versus Artemi Panarin in Cunts zone.
7:55 of 2nd period - Shot by Nick Bjugstad.
7:55 of 2nd period - Stopped by Darcy Kuemper without a rebound.
7:56 of 2nd period - Artemi Panarin wins face-off versus Moxie Manslammer in Cunts zone.
8:15 of 2nd period - Shot by Chris Kreider.
8:15 of 2nd period - Shot Blocked by Tyler Myers.
8:57 of 2nd period - Shot by Dmitry Kulikov.
8:57 of 2nd period - Shot Misses the Net.
8:59 of 2nd period - Shot by Dmitry Kulikov.
8:59 of 2nd period - Stopped by Darcy Kuemper with a rebound.
9:01 of 2nd period - Shot by Dmitry Kulikov.
9:01 of 2nd period - Shot Misses the Net.
9:43 of 2nd period - Shot by Phillip Danault.
9:43 of 2nd period - Shot Blocked by Jake McCabe.
9:51 of 2nd period - Shot by Gabriel Vilardi.
9:51 of 2nd period - Stopped by Alexandar Georgiev without a rebound.
9:52 of 2nd period - Luke Glendening wins face-off versus Phillip Danault in Apsos zone.
10:39 of 2nd period - Phillip Danault is hit by Luke Glendening and loses puck.
11:03 of 2nd period - Icing by Gabriel Vilardi.
11:04 of 2nd period - Joel Eriksson Ek wins face-off versus Gabriel Vilardi in Cunts zone.
11:37 of 2nd period - Shot by Jakub Vrana.
11:37 of 2nd period - Stopped by Darcy Kuemper without a rebound.
11:38 of 2nd period - Bo Horvat wins face-off versus Moxie Manslammer in Cunts zone.
11:42 of 2nd period - Icing by Andre Burakovsky.
11:43 of 2nd period - Bo Horvat wins face-off versus Moxie Manslammer in Cunts zone.
11:52 of 2nd period - Shot by Artemi Panarin.
11:52 of 2nd period - Shot Misses the Net.
12:01 of 2nd period - Moxie Manslammer is hit by Andre Burakovsky and loses puck.
12:08 of 2nd period - Shot by Bo Horvat.
12:08 of 2nd period - Stopped by Alexandar Georgiev with a rebound.
12:20 of 2nd period - Shot by Chris Kreider.
12:20 of 2nd period - Stopped by Darcy Kuemper without a rebound.
12:21 of 2nd period - Luke Glendening wins face-off versus Joel Eriksson Ek in Cunts zone.
12:21 of 2nd period - Luke Glendening is hit by Nick Bjugstad.
12:31 of 2nd period - Nick Bjugstad is hit by Tyler Myers and loses puck.
12:34 of 2nd period - Shot by Nick Bjugstad.
12:34 of 2nd period - Shot Misses the Net.
12:43 of 2nd period - Icing by Tyler Myers.
12:44 of 2nd period - Phillip Danault wins face-off versus Luke Glendening in Cunts zone.
12:45 of 2nd period - Shot by Mike Hoffman.
12:45 of 2nd period - Stopped by Darcy Kuemper without a rebound.
12:46 of 2nd period - Moxie Manslammer wins face-off versus Bo Horvat in Cunts zone.
12:47 of 2nd period - Shot by Chris Kreider.
12:47 of 2nd period - Shot Blocked by Dylan DeMelo.
13:08 of 2nd period - Icing by Dylan DeMelo.
13:09 of 2nd period - Bo Horvat wins face-off versus Joel Eriksson Ek in Cunts zone.
13:18 of 2nd period - Nick Bjugstad is hit by Bo Horvat and loses puck.
13:25 of 2nd period - Shot by Artemi Panarin.
13:25 of 2nd period - Stopped by Alexandar Georgiev without a rebound.
13:26 of 2nd period - Moxie Manslammer wins face-off versus Luke Glendening in Apsos zone.
13:31 of 2nd period - Jonathan Drouin is hit by Moxie Manslammer and loses puck.
14:53 of 2nd period - Nick Bjugstad is hit by Justin Holl.
15:40 of 2nd period - Kasperi Kapanen is hit by Justin Holl.
15:52 of 2nd period - Shot by Kasperi Kapanen.
15:52 of 2nd period - Stopped by Darcy Kuemper without a rebound.
15:53 of 2nd period - Bo Horvat wins face-off versus Nick Bjugstad in Cunts zone.
16:56 of 2nd period - Shot by Phillip Danault.
16:56 of 2nd period - Deflect By Mike Hoffman.
16:56 of 2nd period - Goal by Mike Hoffman - Apsos : 3 - Cunts : 2.
16:57 of 2nd period - Blake Wheeler wins face-off versus Joel Eriksson Ek in neutral zone.
17:21 of 2nd period - Sean Durzi is hit by Moxie Manslammer and loses puck.
17:37 of 2nd period - Off-side.
17:38 of 2nd period - Artemi Panarin wins face-off versus Phillip Danault in neutral zone.
17:48 of 2nd period - Andre Burakovsky is hit by Phillip Danault and loses puck.
18:01 of 2nd period - Shot by Phillip Danault.
18:01 of 2nd period - Stopped by Darcy Kuemper without a rebound.
18:02 of 2nd period - Evgeny Kuznetsov wins face-off versus Gabriel Vilardi in Cunts zone.
18:46 of 2nd period - Minor Penalty to Jonathan Drouin for Delaying the game.
18:47 of 2nd period - Moxie Manslammer wins face-off versus Artemi Panarin in Cunts zone.
18:58 of 2nd period - Shot by Chris Kreider.
18:58 of 2nd period - Stopped by Darcy Kuemper without a rebound.
18:59 of 2nd period - Joel Eriksson Ek wins face-off versus Artemi Panarin in Cunts zone.
19:02 of 2nd period - Shot by Joel Eriksson Ek.
19:02 of 2nd period - Goal by Joel Eriksson Ek - Apsos : 4 - Cunts : 2.
19:03 of 2nd period - Kasperi Kapanen wins face-off versus Bo Horvat in neutral zone.
19:09 of 2nd period - Andre Burakovsky is hit by Jack Johnson and loses puck.
Goals for this period are 2 for Apsos vs 2 for Cunts.
Shots for this period are 14 for Apsos vs 13 for Cunts.

3rd period


0:01 of 3rd period - Joel Eriksson Ek wins face-off versus Artemi Panarin in neutral zone.
0:29 of 3rd period - Luke Schenn is hit by Gustav Forsling and loses puck.
0:36 of 3rd period - Shot by Artemi Panarin.
0:36 of 3rd period - Shot Blocked by Marcus Pettersson.
0:52 of 3rd period - Minor Penalty to Luke Glendening for Slashing.
0:53 of 3rd period - Jonathan Drouin wins face-off versus Moxie Manslammer in Cunts zone.
1:05 of 3rd period - Icing by Pavel Buchnevich.
1:06 of 3rd period - Artemi Panarin wins face-off versus Pavel Buchnevich in Apsos zone.
2:18 of 3rd period - Shot by Artemi Panarin.
2:18 of 3rd period - Stopped by Alexandar Georgiev without a rebound.
2:19 of 3rd period - Joel Eriksson Ek wins face-off versus Andre Burakovsky in Apsos zone.
2:40 of 3rd period - Shot by Joel Eriksson Ek.
2:40 of 3rd period - Stopped by Darcy Kuemper without a rebound.
2:41 of 3rd period - Joel Eriksson Ek wins face-off versus Andre Burakovsky in Cunts zone.
2:48 of 3rd period - Shot by Dmitry Kulikov.
2:48 of 3rd period - Shot Misses the Net.
2:55 of 3rd period - Icing by Dylan DeMelo.
2:56 of 3rd period - Phillip Danault wins face-off versus Luke Glendening in Cunts zone.
2:57 of 3rd period - Shot by Kasperi Kapanen.
2:57 of 3rd period - Stopped by Darcy Kuemper without a rebound.
2:58 of 3rd period - Luke Glendening wins face-off versus Phillip Danault in Cunts zone.
2:58 of 3rd period - Blake Wheeler is hit by Phillip Danault and loses puck.
3:15 of 3rd period - Shot by Blake Wheeler.
3:15 of 3rd period - Stopped by Alexandar Georgiev without a rebound.
3:16 of 3rd period - Moxie Manslammer wins face-off versus Gabriel Vilardi in Apsos zone.
3:35 of 3rd period - Moxie Manslammer is hit by Justin Holl.
3:44 of 3rd period - Justin Holl is hit by Adam Larsson and loses puck.
4:13 of 3rd period - Shot by Joel Eriksson Ek.
4:13 of 3rd period - Stopped by Darcy Kuemper with a rebound.
4:19 of 3rd period - Shot by Jakub Vrana.
4:19 of 3rd period - Shot Blocked by Andrew Peeke.
4:23 of 3rd period - Shot by Joel Eriksson Ek.
4:23 of 3rd period - Shot Misses the Net.
4:25 of 3rd period - Shot by Joel Eriksson Ek.
4:25 of 3rd period - Shot Blocked by Luke Schenn.
4:27 of 3rd period - Shot by Joel Eriksson Ek.
4:27 of 3rd period - Shot Misses the Net.
4:29 of 3rd period - Shot by Jakub Vrana.
4:29 of 3rd period - Shot Misses the Net.
4:50 of 3rd period - Icing by Andrew Peeke.
4:51 of 3rd period - Phillip Danault wins face-off versus Bo Horvat in Cunts zone.
5:27 of 3rd period - Off-side.
5:28 of 3rd period - Moxie Manslammer wins face-off versus Gabriel Vilardi in neutral zone.
5:33 of 3rd period - Shot by Chris Kreider.
5:33 of 3rd period - Stopped by Darcy Kuemper with a rebound.
5:35 of 3rd period - Shot by Jamie Oleksiak.
5:35 of 3rd period - Stopped by Darcy Kuemper with a rebound.
5:37 of 3rd period - Shot by Adam Larsson.
5:37 of 3rd period - Shot Misses the Net.
5:48 of 3rd period - Icing by Justin Holl.
5:49 of 3rd period - Joel Eriksson Ek wins face-off versus Gabriel Vilardi in Cunts zone.
5:53 of 3rd period - Icing by Tyler Myers.
5:54 of 3rd period - Joel Eriksson Ek wins face-off versus Gabriel Vilardi in Cunts zone.
5:58 of 3rd period - Icing by Justin Holl.
5:59 of 3rd period - Joel Eriksson Ek wins face-off versus Gabriel Vilardi in Cunts zone.
6:00 of 3rd period - Shot by Nick Bjugstad.
6:00 of 3rd period - Stopped by Darcy Kuemper without a rebound.
6:01 of 3rd period - Artemi Panarin wins face-off versus Joel Eriksson Ek in Cunts zone.
6:38 of 3rd period - Shot by Bo Horvat.
6:38 of 3rd period - Goal by Bo Horvat - Apsos : 4 - Cunts : 3.
6:39 of 3rd period - Jonathan Drouin wins face-off versus Moxie Manslammer in neutral zone.
7:06 of 3rd period - Shot by Jonathan Drouin.
7:06 of 3rd period - Goal by Jonathan Drouin - Apsos : 4 - Cunts : 4.
7:07 of 3rd period - Phillip Danault wins face-off versus Gabriel Vilardi in neutral zone.
7:17 of 3rd period - Off-side.
7:18 of 3rd period - Joel Eriksson Ek wins face-off versus Bo Horvat in neutral zone.
7:18 of 3rd period - Joel Eriksson Ek is hit by Artemi Panarin.
7:28 of 3rd period - Shot by Jakub Vrana.
7:28 of 3rd period - Shot Misses the Net.
8:26 of 3rd period - Shot by Moxie Manslammer.
8:26 of 3rd period - Stopped by Darcy Kuemper without a rebound.
8:27 of 3rd period - Phillip Danault wins face-off versus Gabriel Vilardi in Cunts zone.
8:41 of 3rd period - Off-side.
8:42 of 3rd period - Moxie Manslammer wins face-off versus Luke Glendening in neutral zone.
8:42 of 3rd period - Moxie Manslammer is hit by Blake Wheeler.
8:46 of 3rd period - Shot by Moxie Manslammer.
8:46 of 3rd period - Shot Misses the Net.
8:56 of 3rd period - Shot by Chris Kreider.
8:56 of 3rd period - Shot Blocked by Luke Glendening.
8:58 of 3rd period - Shot by Pavel Buchnevich.
8:58 of 3rd period - Stopped by Darcy Kuemper without a rebound.
8:59 of 3rd period - Phillip Danault wins face-off versus Bo Horvat in Cunts zone.
9:35 of 3rd period - Shot by Mike Hoffman.
9:35 of 3rd period - Stopped by Darcy Kuemper without a rebound.
9:36 of 3rd period - Evgeny Kuznetsov wins face-off versus Luke Glendening in Cunts zone.
9:36 of 3rd period - Pavel Buchnevich is hit by Justin Holl and loses puck.
9:48 of 3rd period - Evgeny Kuznetsov is hit by Tyler Myers and loses puck.
10:05 of 3rd period - Shot by Luke Glendening.
10:05 of 3rd period - Deflect By Jonathan Drouin.
10:05 of 3rd period - Stopped by Alexandar Georgiev with a rebound.
10:12 of 3rd period - Blake Wheeler is hit by Adam Larsson and loses puck.
10:34 of 3rd period - Andrew Peeke is hit by Jamie Oleksiak and loses puck.
10:58 of 3rd period - Shot by Keegan Kolesar.
10:58 of 3rd period - Deflect By Brock Boeser.
10:58 of 3rd period - Shot Misses the Net.
11:40 of 3rd period - Shot by Artemi Panarin.
11:40 of 3rd period - Shot Misses the Net.
12:18 of 3rd period - Shot by Moxie Manslammer.
12:18 of 3rd period - Shot Hit the Post.
12:47 of 3rd period - Icing by Justin Holl.
12:48 of 3rd period - Evgeny Kuznetsov wins face-off versus Gabriel Vilardi in Cunts zone.
12:49 of 3rd period - Shot by Matt Roy.
12:49 of 3rd period - Stopped by Darcy Kuemper with a rebound.
13:01 of 3rd period - Shot by Gabriel Vilardi.
13:01 of 3rd period - Shot Misses the Net.
13:05 of 3rd period - Shot by Brock Boeser.
13:05 of 3rd period - Shot Misses the Net.
13:07 of 3rd period - Shot by Tyler Myers.
13:07 of 3rd period - Shot Hit the Post.
13:09 of 3rd period - Shot by Brock Boeser.
13:09 of 3rd period - Stopped by Alexandar Georgiev without a rebound.
13:10 of 3rd period - Bo Horvat wins face-off versus Joel Eriksson Ek in Apsos zone.
13:17 of 3rd period - Shot by Bo Horvat.
13:17 of 3rd period - Shot Misses the Net.
13:19 of 3rd period - Shot by Bo Horvat.
13:19 of 3rd period - Shot Misses the Net.
13:21 of 3rd period - Shot by Bo Horvat.
13:21 of 3rd period - Shot Blocked by Adam Larsson.
13:45 of 3rd period - Shot by Andre Burakovsky.
13:45 of 3rd period - Stopped by Alexandar Georgiev with a rebound.
13:47 of 3rd period - Shot by Luke Schenn.
13:47 of 3rd period - Shot Blocked by Adam Larsson.
13:49 of 3rd period - Shot by Bo Horvat.
13:49 of 3rd period - Shot Misses the Net.
13:54 of 3rd period - Icing by Adam Larsson.
13:55 of 3rd period - Blake Wheeler wins face-off versus Joel Eriksson Ek in Apsos zone.
14:00 of 3rd period - Shot by Jonathan Drouin.
14:00 of 3rd period - Deflect By Blake Wheeler.
14:00 of 3rd period - Stopped by Alexandar Georgiev without a rebound.
14:01 of 3rd period - Moxie Manslammer wins face-off versus Luke Glendening in Apsos zone.
14:37 of 3rd period - Shot by Moxie Manslammer.
14:37 of 3rd period - Shot Misses the Net.
15:16 of 3rd period - Andre Burakovsky is hit by Marcus Pettersson and loses puck.
15:25 of 3rd period - Shot by Bo Horvat.
15:25 of 3rd period - Stopped by Alexandar Georgiev without a rebound.
15:26 of 3rd period - Joel Eriksson Ek wins face-off versus Gabriel Vilardi in Apsos zone.
15:26 of 3rd period - Joel Eriksson Ek is hit by Gabriel Vilardi.
15:40 of 3rd period - Shot by Gabriel Vilardi.
15:40 of 3rd period - Stopped by Alexandar Georgiev without a rebound.
15:41 of 3rd period - Moxie Manslammer wins face-off versus Andre Burakovsky in Apsos zone.
15:51 of 3rd period - Icing by Andrew Peeke.
15:52 of 3rd period - Phillip Danault wins face-off versus Bo Horvat in Cunts zone.
15:53 of 3rd period - Shot by Kasperi Kapanen.
15:53 of 3rd period - Stopped by Darcy Kuemper without a rebound.
15:54 of 3rd period - Moxie Manslammer wins face-off versus Artemi Panarin in Cunts zone.
16:38 of 3rd period - Icing by Justin Holl.
16:39 of 3rd period - Joel Eriksson Ek wins face-off versus Artemi Panarin in Cunts zone.
17:04 of 3rd period - Shot by Nick Bjugstad.
17:04 of 3rd period - Shot Hit the Post.
17:15 of 3rd period - Icing by Travis Sanheim.
17:16 of 3rd period - Phillip Danault wins face-off versus Gabriel Vilardi in Cunts zone.
17:28 of 3rd period - Phillip Danault is hit by Travis Sanheim and loses puck.
17:37 of 3rd period - Shot by Phillip Danault.
17:37 of 3rd period - Stopped by Darcy Kuemper without a rebound.
17:38 of 3rd period - Luke Glendening wins face-off versus Pavel Buchnevich in Cunts zone.
17:38 of 3rd period - Luke Glendening is hit by Moxie Manslammer.
17:46 of 3rd period - Shot by Chris Kreider.
17:46 of 3rd period - Stopped by Darcy Kuemper without a rebound.
17:47 of 3rd period - Luke Glendening wins face-off versus Evgeny Kuznetsov in Cunts zone.
17:47 of 3rd period - Luke Glendening is hit by Nick Bjugstad.
17:53 of 3rd period - Shot by Jonathan Drouin.
17:53 of 3rd period - Shot Blocked by Jack Johnson.
18:52 of 3rd period - Off-side.
18:53 of 3rd period - Phillip Danault wins face-off versus Gabriel Vilardi in neutral zone.
19:26 of 3rd period - Off-side.
19:27 of 3rd period - Moxie Manslammer wins face-off versus Artemi Panarin in neutral zone.
Goals for this period are 0 for Apsos vs 2 for Cunts.
Shots for this period are 13 for Apsos vs 10 for Cunts.

Overtime #1


0:01 of 1st overtime period - Bo Horvat wins face-off versus Moxie Manslammer in neutral zone.
0:08 of 1st overtime period - Shot by Artemi Panarin.
0:08 of 1st overtime period - Shot Misses the Net.
1:28 of 1st overtime period - Shot by Jamie Oleksiak.
1:28 of 1st overtime period - Shot Misses the Net.
2:50 of 1st overtime period - Shot by Artemi Panarin.
2:50 of 1st overtime period - Stopped by Alexandar Georgiev without a rebound.
2:51 of 1st overtime period - Bo Horvat wins face-off versus Joel Eriksson Ek in Apsos zone.
4:00 of 1st overtime period - Shot by Chris Kreider.
4:00 of 1st overtime period - Shot Blocked by Luke Schenn.
4:06 of 1st overtime period - Shot by Artemi Panarin.
4:06 of 1st overtime period - Stopped by Alexandar Georgiev with a rebound.
4:08 of 1st overtime period - Shot by Brock Boeser.
4:08 of 1st overtime period - Goal by Brock Boeser - Apsos : 4 - Cunts : 5.
Goals for this period are 0 for Apsos vs 1 for Cunts.
Shots for this period are 0 for Apsos vs 3 for Cunts.